 Dungeon Crawl Stone Soup version 0.17-a0-2231-gd80ca38 (webtiles) character file.

29 ololoev the Ruffian (level 3, 25/29 HPs)
             Began as a Demonspawn Fighter on Oct 29, 2015.
             Quit the game on level 3 of the Dungeon.
             The game lasted 00:02:04 (365 turns).

ololoev the Ruffian (Demonspawn Fighter)             Turns: 365, Time: 00:02:04

Health: 25/29      AC:  6    Str: 17    XL:     3   Next: 1%
Magic:  3/3        EV:  6    Int:  9    God:
Gold:   35         SH:  8    Dex: 12    Spells: 0 memorised, 2 levels left

rFire  . . .     SeeInvis .       - Unarmed
rCold  . . .     Clarity  .     a - +0 scale mail
rNeg   . . .     SustAt   .     b - +0 shield
rPois  .         Gourm    .     (helmet restricted)
rElec  .         Spirit   .     (no cloak)
rCorr  .         Warding  .     (no gloves)
rMut   .         Stasis   .     (no boots)
MR     .....                    (no amulet)
Stlth  ..........               (no ring)
                                (no ring)

@: not resistant to hostile enchantments, extremely unstealthy
A: antennae 1, powered by pain 1
a: no special abilities


Innate Abilities, Weirdness & Mutations

You have a pair of small antennae on your head.
You sometimes gain a little power by taking damage.

Inventory:

Armour
 a - a +0 scale mail (worn)
 b - a +0 shield (worn)
Scrolls
 e - a scroll of fear {unknown}
 f - 3 scrolls of identify {unknown}
 j - a scroll of magic mapping {unknown}
 k - a scroll of teleportation {unknown}
Potions
 c - a potion of might
 h - a potion of resistance {unknown}
 i - 3 potions of curing
Comestibles
 d - a bread ration
 g - 3 chunks of flesh


   Skills:
 - Level 3.0 Fighting
 - Level 2.6 Armour
 - Level 2.6 Shields
 + Level 3.1 Unarmed Combat


You had 2 spell levels left.
You didn't know any spells.


You were on level 3 of the Dungeon.
You were not hungry.

You visited 1 branch of the dungeon, and saw 3 of its levels.

You collected 35 gold pieces.

######## #.....@#
#.####.# #
#.#..#.# ..#
####.#..#'#.....
#<..............#
####.##.......#.#
#..........#
...........#
#####.......#

Notes
Turn   | Place    | Note
--------------------------------------------------------------
     0 | D:1      | ololoev the Demonspawn Fighter began the quest for the Orb.
     0 | D:1      | Reached XP level 1. HP: 18/18 MP: 1/1
   116 | D:1      | Gained mutation: You sometimes gain a little power by taking damage. [demonic ancestry]
   116 | D:1      | Reached XP level 2. HP: 21/24 MP: 2/2
   356 | D:3      | Gained mutation: You have a pair of small antennae on your head. [demonic ancestry]
   356 | D:3      | Reached XP level 3. HP: 24/29 MP: 3/3
   365 | D:3      | Quit the game

Dungeon Overview and Level Annotations

Branches:
Dungeon (3/15)

Altars:


Message History

You block the bat's attack.
You climb downwards.
There is a stone staircase leading up here.
A jackal comes into view.
The jackal barks!
You hit the jackal.
The jackal is heavily wounded.
The jackal bites you but does no damage. x2
You completely miss the jackal.
The jackal is heavily wounded.
You block the jackal's attack.
Your shield prevents you from hitting the jackal.
The jackal is heavily wounded.
The jackal bites you but does no damage.
The jackal closely misses you.
You barely miss the jackal.
The jackal is heavily wounded.
The jackal bites you but does no damage.
You closely miss the jackal.
The jackal is heavily wounded.
The jackal bites you but does no damage.
You block the jackal's attack.
You closely miss the jackal.
The jackal is heavily wounded.
The jackal bites you but does no damage.
You hit the jackal.
The jackal is almost dead.
The jackal bites you but does no damage. x2
You hit the jackal.
You kill the jackal!
You have reached level 3!
Your experience leads to an increase in your attributes!
Increase (S)trength, (I)ntelligence, or (D)exterity?
You feel stronger.
Your demonic ancestry asserts itself...
A pair of antennae grows on your head!
You open the door.
Found a chain mail.
There is an open door here.
You see here a chain mail.
Are you sure you want to abandon this character and quit the game? (Confirm with "yes".)

There were no monsters in sight!

Vanquished Creatures
  An adder (D:2)
  A goblin (D:1)
  A hobgoblin (D:1)
  5 jackals
  3 kobolds
  3 bats
  7 rats
21 creatures vanquished.

Action                   || total
-------------------------++-------
Melee: Unarmed           ||   122
  Use: Potion            ||     1

Vault maps used:
D:1:      wheals_arrival_shading
D:2:      uniq_terence
D:3:      nicolae_overflow_hidden_temple, ecumenical_altar_1
